 Dungeon Crawl Stone Soup version 0.21-a0-71-g5e5ddd2 (webtiles) character file.

68 Alarkh the Chopper (level 4, 35/35 HPs)
             Began as a Demonspawn Monk on June 19, 2017.
             Got out of the dungeon alive.
             The game lasted 00:02:43 (3189 turns).

Alarkh the Chopper (Demonspawn Monk)                Turns: 3189, Time: 00:02:44

Health: 35/35      AC:  5    Str: 11    XL:     4   Next: 1%
Magic:  4/4        EV: 13    Int: 13    God:
Gold:   74         SH:  0    Dex: 15    Spells: 3/3 levels left

rFire    + . .     SeeInvis .   a - +0 hand axe
rCold    . . .     Gourm    .   (no shield)
rNeg     . . .     Faith    +   b - +0 robe
rPois    .         Spirit   .   n - +2 hat
rElec    .         Reflect  .   (no cloak)
rCorr    .         Harm     .   (no gloves)
MR       .....                  p - +0 pair of boots
Stlth    ++........             f - amulet of faith
HPRegen  0.11/turn              (no ring)
MPRegen  0.09/turn              (no ring)

@: no status effects
A: antennae 1, fire resistance 1
a: no special abilities


You escaped.
You were not hungry.

You visited 1 branch of the dungeon, and saw 3 of its levels.

You collected 74 gold pieces.

Inventory:

Hand Weapons
 a - a +0 hand axe (weapon)
Armour
 b - a +0 robe (worn)
 n - a +2 hat (worn)
 p - a +0 pair of boots (worn)
Jewellery
 f - an amulet of faith (around neck)
 j - an uncursed amulet of magic regeneration
Scrolls
 e - a scroll of identify
 h - a scroll of fog
 k - a scroll of amnesia {unknown}
 l - a scroll of teleportation {unknown}
Potions
 d - a potion of lignification
 o - a potion of agility
Comestibles
 c - 2 bread rations
 g - 3 meat rations
 i - 2 royal jellies
 m - 4 chunks of flesh


   Skills:
 - Level 3.0 Fighting
 + Level 4.4 Axes
 - Level 2.6 Dodging
 - Level 1.7 Stealth


You had 3 spell levels left.
You didn't know any spells.

Dungeon Overview and Level Annotations

Branches:
Dungeon (3/15)

Altars:


Innate Abilities, Weirdness & Mutations

You have a pair of small antennae on your head.
Your flesh is heat resistant. (rF+)


Message History

No target in view!
No target in view!
No target in view!
HP restored.
m - 6 chunks of flesh (gained 1) Done exploring.
Done exploring.
(D) Dungeon
Where to? (Enter - D:2 @ (x,y), ? - help)
There is a stone staircase leading up, spattered with blood here.
You climb upwards.
There is a stone staircase leading down here.
Unknown command.
You see here an enchanted dagger.
Some of the chunks of flesh in your inventory have rotted away.
You see here 13 stones.
You see here a ring mail.
There is a staircase leading out of the dungeon here.
Are you sure you want to leave the Dungeon?
This will make you lose the game!
You have escaped!

#..####.>..#####....#
#...... ..##......##
#....# ###..##
.....###...# ###.##
##... ##.### #.#.###
#.# #### #.### #.#...##
#.# # #...# #..##..#
#.# ###########
###.####..##.# #.#
#..........
#...###)#########
#.######### ###.###.#
#.@.## #.# #..##.#
###...## #.# ##....#
#>##...# #.#
###..###≈)#...###.#
#....#≈.##...##.#
####...##≈≈.#...##.#
####.)....##≈≈≈##...#.#
#....###...#≈≈≈≈'...'.#
###.####
#.###≈≈≈##...###


There were no monsters in sight!

Vanquished Creatures
  2 worms (D:2)
  5 dart slugs
  A leopard gecko (D:1)
  An orc (D:2)
  A ball python (D:2)
  3 giant cockroaches
  6 goblins
  8 hobgoblins
  3 jackals (D:2)
  A quokka (D:2)
  3 bats
  2 frilled lizards (D:1)
  4 kobolds
  8 rats
48 creatures vanquished.

Notes
Turn   | Place    | Note
-------+----------+-------------------------------------------
     0 | D:1      | Alarkh the Demonspawn Monk began the quest for the Orb.
     0 | D:1      | Reached XP level 1. HP: 18/18 MP: 1/1
   252 | D:1      | Reached skill level 3 in Axes
   262 | D:1      | Gained mutation: Your flesh is heat resistant. (rF+) [demonic ancestry]
   262 | D:1      | Reached XP level 2. HP: 5/24 MP: 2/2
  1329 | D:1      | Reached XP level 3. HP: 27/29 MP: 3/3
  1540 | D:2      | Reached skill level 4 in Axes
  3115 | D:2      | Gained mutation: You have a pair of small antennae on your head. [demonic ancestry]
  3115 | D:2      | Reached XP level 4. HP: 35/35 MP: 4/4
  3189 | D:$      | Got out of the dungeon alive.

Vault maps used:
D:1:      evilmike_arrival_crescent, serial_corexii_hall,
          corexii_hall_statues_deadend, corexii_hall_statues_i,
          minmay_pentomino_z4
D:3:      uniq_terence, uniq_jessica

Skill      XL: |  1  2  3 |
---------------+----------+-----
Axes           | 3 4 |  4.4
Fighting       | |  3.0
Dodging        | |  2.6
Stealth        | |  1.7

Action                   |  1- 3 |  4- 6 || total
-------------------------+-------+-------++-------
Melee: Hand axe          |   190 |     5 ||   195
  Use: Scroll            |     5 |       ||     5
 Stab: Sleeping          |     8 |       ||     8
  Eat: Chunk             |     7 |       ||     7
Armor: Robe              |    40 |     1 ||    41
Dodge: Dodged            |   108 |     2 ||   110
